 Dungeon Crawl Stone Soup version 0.29-a0-284-gf9362112df (webtiles) character file.

Game seed: 4487828402280208801

7 Colgate the Sneak (level 1, 5/9 HPs)
             Began as a Spriggan Enchanter on Mar 14, 2022.
             Was a Follower of Kikubaaqudgha.
             Quit the game on level 1 of the Dungeon.
             The game lasted 00:00:36 (194 turns).

Colgate the Sneak (Spriggan Enchanter)               Turns: 194, Time: 00:00:37

Health: 5/9        AC:  2    Str:  4    XL:     1   Next: 83%
Magic:  5/5        EV: 17    Int: 16    God:    Kikubaaqudgha [*.....]
Gold:   0          SH:  0    Dex: 15    Spells: 5/5 levels left

rFire   . . .      SeeInvis +   a - +1 dagger
rCold   . . .      Faith    .   (no shield)
rNeg    . . .      Spirit   .   b - +0 robe
rPois   .          Reflect  .   (helmet restricted)
rElec   .          Harm     .   (no cloak)
rCorr   .          Rampage  .   (gloves unavailable)
Will    .....                   (boots unavailable)
Stlth   +++.......              (no amulet)
HPRegen 0.03/turn               (no ring)
MPRegen 0.09/turn               (no ring)

@: very quick
A: very small, no large weapons, unfitting armour, see invisible, speed 3
a: Renounce Religion, Receive Corpses


You were on level 1 of the Dungeon.
You worshipped Kikubaaqudgha.
Kikubaaqudgha was aware of your devotion.
You visited 1 branch of the dungeon, and saw 1 of its levels.

Inventory:

Hand Weapons
 a - a +1 dagger (weapon)
Armour
 b - a +0 robe (worn)
Potions
 c - 2 potions of invisibility
 d - a potion of might {unknown}


   Skills:
 - Level 1.1 Short Blades
 - Level 2.6 Dodging
 - Level 4.4 Stealth
 - Level 2.6 Spellcasting
 + Level 4.2 Hexes


You had 5 spell levels left.
You didn't know any spells.
Your spell library contained the following spells:

 Spells                   Type           Power      Damage    Failure   Level
 Confusing Touch          Hex            15%        N/A       10%         3
 Tukima's Dance           Hex            15%        N/A       10%         3
 Ensorcelled Hibernation  Hex/Ice        16%        N/A       12%         2
 Animate Skeleton         Necr           4%         N/A       19%         1
 Pain                     Necr           8%         1d4       19%         1
 Dazzling Flash           Conj/Hex       16%        N/A       24%         3
 Vampiric Draining        Necr           2%         2d6       50%         3
 Agony                    Necr           2%         N/A       99%         5
 Chain Lightning          Conj/Air       1%         3d1       100%        9
 Fire Storm               Conj/Fire      1%         7d1       100%        9
 Shatter                  Erth           1%         3d5*      100%        9


Dungeon Overview and Level Annotations

Branches:
Dungeon (1/15)

Altars:
Kikubaaqudgha


Innate Abilities, Weirdness & Mutations

You are very small and have problems with some larger weapons.
You are too small for most types of armour.
You have supernaturally acute eyesight. (SInv)
You cover ground extremely quickly. (Speed+++)


Message History

You kill the jackal!
Your Hexes skill increases to level 4!
You see here a jackal corpse.
You hit the rat. You hit the rat.
You kill the rat!
You see here a rat corpse.
HP restored.
A rat comes into view.
Found a sedimented white potion.
The helpless rat fails to defend itself.
You impale the rat!!
You kill the rat!
You see here a rat corpse.
d - a sedimented white potion You see here a rat corpse.
Found a faded altar of an unknown god.
Found a book of Annihilations.
A bat comes into view.
There is a faded altar of an unknown god here.
You cannot tell which god this altar belongs to.
Convert to them anyway?
Kikubaaqudgha accepts your prayer! Kikubaaqudgha welcomes you!
You can now receive cadavers from Kikubaaqudgha.
Kikubaaqudgha grants you a gift!
You add the spells Animate Skeleton, Pain, Vampiric Draining and Agony to your library.
The bat closely misses you. The bat hits you.
You hit the bat.
You kill the bat!
Kikubaaqudgha accepts your kill.
You pick up a book of Annihilations and begin reading...
You add the spells Chain Lightning, Fire Storm and Shatter to your library.
Found a dagger.
A hobgoblin comes into view.
The hobgoblin shouts!
You see here a +0 dagger.
A hobgoblin comes into view.
You closely miss the hobgoblin.
The hobgoblin shouts!
You hit the hobgoblin. The hobgoblin hits you.

#.##.#####
#.##.....#
#####.##
###.#.#####
..###....#
###.#.###.....
#)## ### #.#
#@# #g# #.#
#.# #g# #..
###


You could see 2 hobgoblins.

Vanquished Creatures
  A bat (D:1)
  3 jackals (D:1)
  2 rats (D:1)
6 creatures vanquished.

Notes
Turn   | Place    | Note
-------+----------+-------------------------------------------
     0 | D:1      | Colgate the Spriggan Enchanter began the quest for the Orb.
     0 | D:1      | Reached XP level 1. HP: 9/9 MP: 5/5
   159 | D:1      | Found a faded altar of an unknown god.
   165 | D:1      | Prayed at the altar of an unknown god.
   165 | D:1      | Became a worshipper of Kikubaaqudgha
   165 | D:1      | Reached * piety under Kikubaaqudgha
   165 | D:1      | Received a gift from Kikubaaqudgha
   194 | D:1      | Quit the game

Illustrated notes

Levels and vault maps discovered:
D:1:      minmay_arrival_split_and_join, layout_loops_ring,
          basic_ecumenical_altar

Skill      XL: |  1 |
---------------+----+-----
Hexes          | 4 |  4.2
Short Blades   | |  1.1
Dodging        | |  2.6
Stealth        | |  4.4
Spellcasting   | |  2.6

Action                   || total
-------------------------++-------
Melee: Dagger            ||    10
 Stab: Sleeping          ||     3
Dodge: Dodged            ||     1

Table legend: (Time is in decaauts)
 A = Elapsed time spent in this place.
 B = Non-inter-level travel time spent in this place.
 C = Inter-level travel time spent in this place.
 D = Time resting spent in this place.
 E = Time spent auto-exploring this place.
 F = Levels seen in this place.
 G = Mean time per level.
                   A        B        C        D        E       F      G
               +--------+--------+--------+--------+--------+-----+--------+
         Total |    146 |    146 |      0 |      0 |    113 |   1 |  146.0 |
       Dungeon |    146 |    146 |      0 |      0 |    113 |   1 |  146.0 |
               +--------+--------+--------+--------+--------+-----+--------+

Top non-repeatable levels by time:
     D:1: 146 daAuts
